 Dungeon Crawl Stone Soup version 0.28-a0-793-g31680bbd8b (webtiles) character file.

Game seed: 17360444756579549574

62 ytrimaz the Skirmisher (level 4, -8/31 HPs)
             Began as an Octopode Fighter on Nov 3, 2021.
             Mangled by a gnoll (17 damage)
             ... on level 2 of the Dungeon.
             The game lasted 00:01:29 (1663 turns).

ytrimaz the Skirmisher (Octopode Fighter)           Turns: 1663, Time: 00:01:30

Health: -8/31      AC:  1    Str: 16    XL:     4   Next: 8%
Magic:  4/4        EV: 13    Int: 10    God:
Gold:   40         SH:  4    Dex: 11    Spells: 3/3 levels left

rFire   . . .      SeeInvis .   d - +2 dagger (venom)
rCold   . . .      Faith    .   b - +0 buckler
rNeg    . . .      Spirit   .   (helmet restricted)
rPois   .          Reflect  .   (no amulet)
rElec   .          Harm     .   (no ring)
rCorr   .          Rampage  .   (no ring)
Will    .....                   (no ring)
Stlth   +++.......              (no ring)
HPRegen 0.10/turn               (no ring)
MPRegen 0.09/turn               (no ring)
                                (no ring)
                                (no ring)

@: no status effects
A: almost no armour, amphibious, 8 rings, camouflage 1, gelatinous body 1,
(nimble swimmer 1), tentacles
a: no special abilities


You were on level 2 of the Dungeon.
You visited 1 branch of the dungeon, and saw 2 of its levels.

You collected 40 gold pieces.

Inventory:

Hand Weapons
 d - a +2 dagger of venom (weapon)
 g - a +2 dagger of venom
Armour
 b - a +0 buckler (worn)
Scrolls
 a - 2 scrolls of identify
 f - a scroll of blinking
Potions
 c - a potion of might
 e - a potion of resistance


   Skills:
 + Level 3.5 Fighting
 * Level 2.6 Short Blades
 + Level 3.5 Dodging
 * Level 1.4 Stealth
 + Level 3.3 Shields


You had 3 spell levels left.
You didn't know any spells.
Your spell library contained the following spells:

 Spells                   Type           Power      Damage    Failure   Level
 Dazzling Flash           Conj/Hex       0%         N/A       77%         3
 Ozocubu's Armour         Ice            0%         N/A       77%         3
 Iskenderun's Mystic Bla  Conj/Tloc      0%         2d3       99%         4
 Metabolic Englaciation   Hex/Ice        0%         N/A       100%        5
 Simulacrum               Ice/Necr       0%         N/A       100%        6
 Starburst                Conj/Fire      0%         6d3       100%        6


Dungeon Overview and Level Annotations

Branches:
Dungeon (2/15)

Altars:

Annotations:
D:2 Terence


Innate Abilities, Weirdness & Mutations

You cannot wear most types of armour.
You are amphibious.
You can wear up to eight rings at the same time.
Your skin changes colour to match your surroundings (Stealth+).
Your rubbery body absorbs attacks. (AC +1, EV +1)
((You are camouflaged near water. (Stealth+)))
You have tentacles for arms and can constrict up to eight enemies at once.


Message History

The bat hits you but does no damage. The gnoll barely misses you.
Terence hits you with a +0 flail.
The gnoll shouts! x2
You hit Terence but do no damage.
Terence is poisoned.
You grab Terence. You squeeze Terence!
Terence is heavily wounded.
You constrict Terence.
You hear a shout!
The bat misses you.
A hobgoblin comes into view.
The gnoll hits you with a +0 whip. Terence misses you.
You hear a shout!
You release your grip on Terence.
A goblin comes into view. It is wielding a +0 club.
The bat closely misses you.
Terence drinks a potion.
Terence is healed!
You hit the gnoll. Your grab misses the gnoll.
The gnoll is moderately wounded.
You block the gnoll's attack.
You closely miss the gnoll. You grab the gnoll.
The gnoll is moderately wounded.
You constrict the gnoll. The gnoll hits you with a +0 whip.
You hit the gnoll.
The gnoll is poisoned.
The gnoll is heavily wounded.
You constrict the gnoll. You block the gnoll's attack.
You hit the gnoll.
The gnoll looks as sick as possible!
The gnoll is almost dead.
You constrict the gnoll.
You kill the gnoll!
You have reached level 4!
You hit Terence but do no damage. Your grab misses Terence.
Terence is heavily wounded.
Terence misses you.
The gnoll hits you from afar with a +0 halberd!
* * * LOW HITPOINT WARNING * * *
You barely miss Terence. Your grab misses Terence. Your squeeze misses Terence.
Terence is heavily wounded.
Terence barely misses you.
The gnoll hits you from afar with a +0 halberd!
Ouch! That really hurt!
You die...

..#.........###
...............
#..>.........
#.........#
#.........#
#...gbg...#
#####g##### #@#
#@##### #.....#
#####.# #.#
########## #.#
.........# #)#
.#######.# #.#
#...# #.# #.#
.##.# #.# #.#


You could see Terence (poisoned), 3 gnolls and a bat.

Vanquished Creatures
  A gnoll (D:2)
  4 dart slugs
  4 bats
  6 endoplasms
  2 giant cockroaches
  8 goblins
  3 hobgoblins
  2 kobolds
  3 quokkas
  2 ball pythons (D:2)
  2 frilled lizards
  A rat (D:1)
38 creatures vanquished.

Notes
Turn   | Place    | Note
-------+----------+-------------------------------------------
     0 | D:1      | ytrimaz the Octopode Fighter began the quest for the Orb.
     0 | D:1      | Reached XP level 1. HP: 16/16 MP: 1/1
   397 | D:1      | Reached XP level 2. HP: 15/21 MP: 2/2
   599 | D:1      | Found a faded altar of an unknown god.
   886 | D:1      | Reached XP level 3. HP: 18/26 MP: 3/3
  1617 | D:2      | Reached skill level 1 in Stealth
  1648 | D:2      | Noticed Terence
  1662 | D:2      | Reached XP level 4. HP: 20/31 MP: 4/4
  1663 | D:2      | Mangled by a gnoll

Illustrated notes

Levels and vault maps discovered:
D:1:      amcnicky_arrival_wind_blow, layout_loops_ring, serial_rivers,
          chequers_serial_rivers_micro_e, chequers_serial_rivers_micro_c,
          chequers_serial_rivers_room_b, chequers_serial_rivers_micro_d,
          chequers_serial_rivers_small_3,
          hellmonk_ecumenical_altar_pennies_from_heaven
D:2:      layout_loops_ring, uniq_jessica, uniq_robin, uniq_terence

Skill      XL: |  1  2  3 |
---------------+----------+-----
Stealth        | 1 |  1.4
Fighting       | |  3.5
Short Blades   | |  2.6
Dodging        | |  3.5
Shields        | |  3.3

Action                   |  1- 3 |  4- 6 || total
-------------------------+-------+-------++-------
Melee: Dagger            |    62 |     2 ||    64
       Rapier            |     3 |       ||     3
       Constrict         |    15 |       ||    15
       Tentacles         |     9 |       ||     9
  Use: Scroll            |     2 |       ||     2
 Stab: Sleeping          |     6 |       ||     6
       Distracted        |     1 |       ||     1
Armor: Skin              |     6 |       ||     6
Dodge: Dodged            |    33 |     2 ||    35
Block: Buckler           |    10 |       ||    10

Table legend: (Time is in decaauts)
 A = Elapsed time spent in this place.
 B = Non-inter-level travel time spent in this place.
 C = Inter-level travel time spent in this place.
 D = Time resting spent in this place.
 E = Time spent auto-exploring this place.
 F = Levels seen in this place.
 G = Mean time per level.
                   A        B        C        D        E       F      G
               +--------+--------+--------+--------+--------+-----+--------+
         Total |   1657 |   1621 |     36 |      0 |   1379 |   2 |  828.5 |
       Dungeon |   1657 |   1621 |     36 |      0 |   1379 |   2 |  828.5 |
               +--------+--------+--------+--------+--------+-----+--------+

Top non-repeatable levels by time:
     D:1: 1274 daAuts
     D:2: 382 daAuts
